 Dungeon Crawl Stone Soup version 0.17-a0-1596-g1e86911 (webtiles) character file.

27 Nakatomy the Digger (level 3, -1/19 HPs)
             Began as a Gargoyle Earth Elementalist on July 30, 2015.
             Slain by a river rat (8 damage)
             ... on level 2 of the Dungeon.
             The game lasted 00:07:24 (1279 turns).

Nakatomy the Digger (Gargoyle Earth Elementalist)   Turns: 1279, Time: 00:07:24

Health: -1/19      AC:  5    Str: 11    XL:     3   Next: 10%
Magic:  0/7        EV: 12    Int: 16    God:
Gold:   35         SH:  0    Dex: 10    Spells: 2 memorised, 3 levels left

rFire  . . .     SeeInvis .     e - +0 dagger
rCold  . . .     Clarity  .     b - +0 robe
rNeg   + + .     SustAt   .     (no shield)
rPois  ∞         Gourm    .     (no helmet)
rElec  +         Spirit   .     (no cloak)
rCorr  .         Warding  +     (no gloves)
rMut   .         Stasis   .     (no boots)
MR     .....                    k - amulet of warding
Stlth  ++........               (no ring)
                                (no ring)

@: not resistant to hostile enchantments, unstealthy
A: negative energy resistance 1, electricity resistance, unbreathing,
petrification resistance, rot immunity, AC +3
a: no special abilities


You were on level 2 of the Dungeon.
You were near starving.

You visited 1 branch of the dungeon, and saw 2 of its levels.

You collected 35 gold pieces.

Inventory:

Hand weapons
 e - a +0 dagger (weapon)
Missiles
 a - 112 stones (quivered)
Armour
 b - a +0 robe (worn)
Jewellery
 k - an amulet of warding (around neck)
Scrolls
 f - 3 scrolls of enchant weapon {unknown}
 g - a scroll of identify {unknown}
Potions
 h - a potion of degeneration {unknown}
 j - a potion of curing {unknown}
Books
 c - a book of Geomancy

   Spells                             Type                      Level
   a - Sandblast                      Earth                        1
   b - Stoneskin                      Transmutation/Earth          2
   c - Passwall                       Transmutation/Earth          3
   d - Stone Arrow                    Conjuration/Earth            3
   e - Petrify                        Transmutation/Earth          4
   f - Lee's Rapid Deconstruction     Earth                        5
Comestibles
 d - a bread ration
 i - 2 beef jerkies


   Skills:
 - Level 1.5 Dodging
 - Level 2.1 Stealth
 * Level 2.8 Spellcasting
 + Level 0.0 Conjurations
   Level 0.7 Transmutations
 + Level 4.2 Earth Magic


You had 3 spell levels left.
You knew the following spells:

 Your Spells              Type           Power        Failure   Level  Hunger
a - Sandblast             Erth           ###...       4%          1    #......
b - Stone Arrow           Conj/Erth      #.....       28%         3    ###....


Dungeon Overview and Level Annotations

Branches:
Dungeon (2/15)

Altars:


Innate Abilities, Weirdness & Mutations

You are resistant to torment.
Your stone body is resilient (AC +3).
You are immune to poison.
You resist negative energy.
You are resistant to electric shocks.
You can survive without breathing.
You are immune to petrification.
You are immune to rotting.


Message History

Confirm with . or Enter, or press ? or * to list all spells.
Aiming: Sandblast
Press: ? - help, Shift-Dir - straight line, f/p - river rat
Aim: a river rat (moderately wounded)
The blast of sand misses the river rat.
The river rat bites you.
Casting: Sandblast
Confirm with . or Enter, or press ? or * to list all spells.
Aiming: Sandblast
Press: ? - help, Shift-Dir - straight line, f/p - river rat
Aim: a river rat (moderately wounded)
The blast of sand hits the river rat.
The river rat is moderately wounded.
The river rat barely misses you.
You hit the river rat but do no damage.
The river rat is moderately wounded.
The river rat barely misses you.
You barely miss the river rat.
The river rat is moderately wounded.
The river rat bites you!
You die...

♣ .##
♣♣♣
..#
.§♣♣.#
♣§♣.#
♣♣P.#
♣..@#
♣P♣r#
.. #.#
P.♣
#.# .♣
♣.#
..#
♣.#
...


You could see a river rat.

Vanquished Creatures
  An adder (D:1)
  A giant gecko (D:1)
  2 goblins (D:1)
  2 hobgoblins (D:1)
  4 bats (D:1)
  A giant newt (D:1)
  5 kobolds (D:1)
  2 rats (D:1)
18 creatures vanquished.

Notes
Turn   | Place    | Note
--------------------------------------------------------------
     0 | D:1      | Nakatomy the Gargoyle Earth Elementalist began the quest for the Orb.
     0 | D:1      | Reached XP level 1. HP: 10/10 MP: 3/3
   153 | D:1      | Reached XP level 2. HP: 10/15 MP: 1/5
   702 | D:1      | Reached skill level 4 in Earth Magic
   925 | D:1      | Reached XP level 3. HP: 19/19 MP: 2/7
   930 | D:1      | Learned a level 3 spell: Stone Arrow
  1279 | D:2      | Slain by a river rat

Vault maps used:
D:1:      minmay_arrival_three_doors, item_on_display_b
D:2:      wad_woods_stonehenge, first_bread, uniq_terence, uniq_iyjb,
          uniq_crazy_yiuf_cottage

Action                   || total
-------------------------++-------
Melee: Dagger            ||    21
       Unarmed           ||     3
 Cast: Sandblast         ||    54
